 Dungeon Crawl Stone Soup version 0.32-a0-898-g7811c86cf0 (webtiles) character file.

Game seed: 6277701034812053717

64 whatisthis the Apothecary (level 4, -1/32 HPs)
             Began as a Gnoll Alchemist on Apr 5, 2024.
             Shot with a sling bullet by an orc (11 damage)
             ... on level 3 of the Dungeon.
             The game lasted 00:03:16 (2143 turns).

whatisthis the Apothecary (Gnoll Alchemist)         Turns: 2143, Time: 00:03:17

Health: -1/32      AC:  4    Str:  7    XL:     4   Next: 12%
Magic:  7/11       EV: 12    Int: 17    God:
Gold:   88         SH:  0    Dex: 12    Spells: 10/13 levels left

rFire   . . .        c - +0 dagger
rCold   . . .        (no shield)
rNeg    . . .        a - +0 robe
rPois   .            (no helmet)
rElec   .            p - +0 cloak
rCorr   .            (no gloves)
SInv    .            f - +0 pair of boots
Will    .....        (no amulet)
Stlth   ++           (no ring)
HPRegen 0.25/turn    (no ring)
MPRegen 0.12/turn

%: no passive effects
@: no status effects
A: fangs 1, strong nose, distributed training
a: no special abilities


You were on level 3 of the Dungeon.
You visited 1 branch of the dungeon, and saw 3 of its levels.

You collected 88 gold pieces.

Inventory:

Hand Weapons
 c - a +0 dagger (weapon)
Missiles
 k - 4 boomerangs
 l - 5 poisoned darts
Armour
 a - a +0 robe (worn)
 f - a +0 pair of boots (worn)
 p - a +0 cloak (worn)
Scrolls
 d - a scroll of teleportation {unknown}
 h - 4 scrolls of identify {unknown}
 i - a scroll of silence {unknown}
 j - a scroll of blinking {unknown}
 m - a scroll of revelation {unknown}
 n - a scroll of torment {unknown}
 o - a scroll of amnesia {unknown}
Potions
 b - a potion of magic
 e - a potion of might {unknown}
 g - a potion of haste {unknown}
 q - a potion of berserk rage {unknown}


   Skills:
 + Level 1.1 Fighting
 + Level 1.1 Short Blades
 + Level 1.1 Long Blades
 + Level 1.1 Axes
 + Level 1.1 Maces & Flails
 + Level 1.1 Polearms
 + Level 1.1 Staves
 + Level 1.1 Ranged Weapons
 + Level 1.1 Throwing
 + Level 1.1 Armour
 + Level 4.6 Dodging
 + Level 4.2 Stealth
 + Level 1.1 Shields
 + Level 1.1 Unarmed Combat
 + Level 5.0 Spellcasting
 + Level 2.2 Conjurations
 + Level 0.8 Hexes
 + Level 0.8 Summonings
 + Level 0.8 Necromancy
 + Level 0.8 Translocations
 + Level 0.8 Fire Magic
 + Level 0.8 Ice Magic
 + Level 0.8 Air Magic
 + Level 0.8 Earth Magic
 + Level 5.4 Alchemy
 + Level 1.2 Invocations
 + Level 1.1 Evocations
 + Level 1.0 Shapeshifting


You had 10 spell levels left.
You knew the following spells:

 Your Spells              Type           Power      Damage    Failure   Level
a - Sting                 Conj/Alch      68%        1d7       3%          1
b - Mercury Vapours       Alch/Air       30%        N/A       6%          2

Your spell library contained the following spells:

 Spells                   Type           Power      Damage    Failure   Level
 Mephitic Cloud           Conj/Alch/Air  14%        N/A       13%         3
 Olgreb's Toxic Radiance  Alch           22%        N/A       14%         4
 Sticky Flame             Fire/Alch      15%        2d5       36%         4
 Haunt                    Necr/Summ      3%         N/A       100%        7
 Borgnjor's Revivificati  Necr           3%         N/A       100%        8
 Death's Door             Necr           3%         N/A       100%        9


Dungeon Overview and Level Annotations

Branches:
Dungeon (3/15)

Altars:
Hepliaklqana


Innate Abilities, Weirdness & Mutations

You have very sharp teeth.
Your uncanny sense of smell can sniff out nearby items.
Your experience applies equally to all skills.


Message History

You feel clever.
Magic restored.
An orc comes into view. It is wielding a +0 flail.
Found a hazy altar of Hepliaklqana and a faded altar of an unknown god.
The orc shouts!
The orc unwields a +0 flail.
The orc wields the +2 sling "Ogrebane" {elec, rC+ Int+2 Stlth+}.
You hear the crackle of electricity.
The orc shoots a sling bullet.
The sling bullet hits you.
You are electrocuted!
Ouch! That really hurt!
The orc shoots a sling bullet.
The sling bullet barely misses you.
You see here a grey potion.
q - a grey potion The orc shoots a sling bullet.
The sling bullet barely misses you.
Aiming: Sting (safe; 3% risk of failure)
Press: ? - help, Q - select action, (/) - cycle Shift-Dir - straight line, f - orc
Aim: an orc, wielding the +2 sling "Ogrebane" {elec, rC+ Int+2 Stlth+}, wearing a +0 chain mail and wearing a +0 kite shield (84% to hit)
The sting hits the orc but does no damage.
The orc is poisoned.
The orc shoots a sling bullet.
The sling bullet barely misses you.
Aiming: Sting (safe; 3% risk of failure)
Press: ? - help, Q - select action, (/) - cycle Shift-Dir - straight line, f/p - orc
Aim: an orc, wielding the +2 sling "Ogrebane" {elec, rC+ Int+2 Stlth+}, wearing a +0 chain mail and wearing a +0 kite shield (lightly wounded, poisoned, 84% to hit)
The sting hits the orc but does no damage.
The orc looks even sicker.
The orc is lightly wounded.
The orc shoots a sling bullet.
The sling bullet closely misses you.
Aiming: Sting (safe; 3% risk of failure)
Press: ? - help, Q - select action, (/) - cycle Shift-Dir - straight line, f/p - orc
Aim: an orc, wielding the +2 sling "Ogrebane" {elec, rC+ Int+2 Stlth+}, wearing a +0 chain mail and wearing a +0 kite shield (moderately wounded, very poisoned, 84% to hit)
The sting hits the orc but does no damage.
The orc looks even sicker.
The orc is moderately wounded.
The orc shoots a sling bullet.
The sling bullet closely misses you.
Aiming: Sting (safe; 3% risk of failure)
Press: ? - help, Q - select action, (/) - cycle Shift-Dir - straight line, f/p - orc
Aim: an orc, wielding the +2 sling "Ogrebane" {elec, rC+ Int+2 Stlth+}, wearing a +0 chain mail and wearing a +0 kite shield (moderately wounded, very poisoned, 84% to hit)
The orc blocks the sting.
The orc shoots a sling bullet.
The sling bullet hits you.
You are electrocuted!
You die...

#.....##.....# #............#
##### ####.........# #...#
#.........# ∆ #.ß.# #.........#
#...# ##....##....
#####.o.#####.....####.#
#########...........#..........#
#......##._§.§#@.._.#...#####..#
#.####.##...§§§§§...##### #..#
#.#.##.######§§§##### #..#
#.#........##§§§# #..#
#.#.##.#.#.##§§§#############..#
##.#.##.#.#.##§§§#...........#..#
...#.##.#.#.##§§§######...#.....#
...#.##.#.#.##§§§# #...#.....#
...#.##.#.#.##§§§## #...#.....#


You could see an orc (very poisoned).

Vanquished Creatures
  3 adders
  A ribbon worm (D:2)
  An orc (D:3)
  5 ball pythons
  A bat (D:1)
  2 endoplasms (D:1)
  2 goblins
  A hobgoblin (D:1)
  3 jackals (D:1)
  2 kobolds
  3 quokkas
  3 frilled lizards (D:2)
  7 rats
34 creatures vanquished.

Notes
Turn   | Place    | Note
-------+----------+-------------------------------------------
     0 | D:1      | whatisthis the Gnoll Alchemist began the quest for the Orb.
     0 | D:1      | Reached XP level 1. HP: 13/13 MP: 6/6
   154 | D:1      | Reached XP level 2. HP: 19/19 MP: 3/7
   706 | D:2      | Learned a level 2 spell: Mercury Vapours
   720 | D:2      | Reached skill level 5 in Spellcasting
   720 | D:2      | Reached XP level 3. HP: 25/25 MP: 4/9
  1028 | D:2      | Reached skill level 1 in Invocations
  1080 | D:2      | Reached skill level 1 in Fighting
  1080 | D:2      | Reached skill level 1 in Short Blades
  1080 | D:2      | Reached skill level 1 in Long Blades
  1080 | D:2      | Reached skill level 1 in Axes
  1080 | D:2      | Reached skill level 1 in Maces & Flails
  1080 | D:2      | Reached skill level 1 in Polearms
  1080 | D:2      | Reached skill level 1 in Staves
  1080 | D:2      | Reached skill level 1 in Ranged Weapons
  1080 | D:2      | Reached skill level 1 in Throwing
  1080 | D:2      | Reached skill level 1 in Armour
  1080 | D:2      | Reached skill level 1 in Shields
  1080 | D:2      | Reached skill level 1 in Unarmed Combat
  1080 | D:2      | Reached skill level 1 in Evocations
  2091 | D:3      | Reached skill level 1 in Shapeshifting
  2091 | D:3      | Reached XP level 4. HP: 32/32 MP: 7/11
  2133 | D:3      | Identified the +2 sling "Ogrebane" {elec, rC+ Int+2 Stlth+}
  2135 | D:3      | Found a hazy altar of Hepliaklqana.
  2135 | D:3      | Found a faded altar of an unknown god.
  2143 | D:3      | Shot with a sling bullet by an orc

Illustrated notes

Levels and vault maps discovered:
D:1:      beargit_arrival_diablo_church, layout_basic, serial_aquarium,
          aquarium_bridge_straight [aquarium_subvault_bridge,
          aquarium_subvault_window, aquarium_subvault_bridge,
          aquarium_subvault_window], aquarium_window_2, aquarium_window_fake,
          aquarium_window_fake, aquarium_view_2a, aquarium_balcony_3a,
          aquarium_pool_2, minmay_distorted
D:2:      wad_pebble_path, layout_basic
D:3:      layout_basic, beargit_hepliaklqana_dungeon_heroes

Skill      XL: |  1  2  3 |
---------------+----------+-----
Conjurations   | 2 |  2.2
Spellcasting   | 5 |  5.0
Invocations    | 1 |  1.2
Fighting       | 1 |  1.1
Short Blades   | 1 |  1.1
Long Blades    | 1 |  1.1
Axes           | 1 |  1.1
Maces & Flails | 1 |  1.1
Polearms       | 1 |  1.1
Staves         | 1 |  1.1
Ranged Weapons | 1 |  1.1
Throwing       | 1 |  1.1
Armour         | 1 |  1.1
Shields        | 1 |  1.1
Unarmed Combat | 1 |  1.1
Evocations     | 1 |  1.1
Shapeshifting  | 1 |  1.0
Dodging        | |  4.6
Stealth        | |  4.2
Hexes          | |  0.8
Summonings     | |  0.8
Necromancy     | |  0.8
Translocations | |  0.8
Fire Magic     | |  0.8
Ice Magic      | |  0.8
Air Magic      | |  0.8
Earth Magic    | |  0.8
Alchemy        | |  5.4

Action                     |  1- 3 |  4- 6 || total
---------------------------+-------+-------++-------
  Melee: Unarmed           |    14 |       ||    14
         Bite              |     6 |       ||     6
         Dagger            |    52 |       ||    52
   Cast: Sting             |    36 |     4 ||    40
   Stab: Sleeping          |     6 |       ||     6
 Armour: Robe              |    51 |     2 ||    53
  Dodge: Dodged            |    49 |     5 ||    54

Table legend: (Time is in decaauts)
 A = Elapsed time spent in this place.
 B = Non-inter-level travel time spent in this place.
 C = Inter-level travel time spent in this place.
 D = Time resting spent in this place.
 E = Time spent auto-exploring this place.
 F = Levels seen in this place.
 G = Mean time per level.
                   A        B        C        D        E       F      G
               +--------+--------+--------+--------+--------+-----+--------+
         Total |   2139 |   2134 |      5 |    102 |   1616 |   3 |  713.0 |
       Dungeon |   2139 |   2134 |      5 |    102 |   1616 |   3 |  713.0 |
               +--------+--------+--------+--------+--------+-----+--------+

Top non-repeatable levels by time:
     D:2: 897 daAuts
     D:1: 701 daAuts
     D:3: 541 daAuts
